 Dungeon Crawl Stone Soup version 0.27-b1-16-g6517624069 (webtiles) character file.

Game seed: 18166794756526784982

597 mhtbhm the Covered (level 7, -16/61 HPs)
             Began as a Minotaur Fighter on July 26, 2021.
             Was a Priest of Nemelex Xobeh.
             Demolished by an ogre (22 damage)
             ... on level 5 of the Dungeon.
             The game lasted 00:04:57 (4609 turns).

mhtbhm the Covered (Minotaur Fighter)               Turns: 4609, Time: 00:04:58

Health: -16/61     AC:  8    Str: 22    XL:     7   Next: 17%
Magic:  6/6        EV:  8    Int:  5    God:    Nemelex Xobeh [***...]
Gold:   208        SH: 10    Dex: 10    Spells: 6/6 levels left

rFire    . . .     SeeInvis .   a - +0 war axe
rCold    . . .     Faith    .   c - +0 kite shield
rNeg     . . .     Spirit   .   b - +0 scale mail
rPois    .         Reflect  .   (helmet restricted)
rElec    .         Harm     .   (no cloak)
rCorr    .         Rampage  .   (no gloves)
Will     .....                  p - +0 pair of boots
Stlth    ..........             (no amulet)
HPRegen  0.20/turn              (no ring)
MPRegen  0.10/turn              (no ring)

@: very slightly contaminated, invisible
A: horns 2, retaliatory headbutt
a: Renounce Religion, Draw Escape, Draw Destruction, Draw Summoning, Triple Draw


You were on level 5 of the Dungeon.
You worshipped Nemelex Xobeh.
Nemelex Xobeh was most pleased with you.
You visited 1 branch of the dungeon, and saw 5 of its levels.

You collected 208 gold pieces.

Inventory:

Hand Weapons
 a - a +0 war axe (weapon)
Armour
 b - a +0 scale mail (worn)
 c - a +0 kite shield (worn)
 p - a +0 pair of boots (worn)
Jewellery
 f - a +4 ring of evasion
Wands
 k - a wand of iceblast (7)
Scrolls
 e - 2 scrolls of amnesia
 g - a scroll of immolation
 h - a scroll of holy word {unknown}
 l - a scroll of enchant armour {unknown}
 n - a scroll of vulnerability {unknown}
 o - 2 scrolls of fear {unknown}
 q - a scroll of teleportation {unknown}
Potions
 d - a potion of resistance {unknown}
 i - a potion of invisibility
 j - a potion of degeneration
 m - a potion of flight {unknown}


   Skills:
 + Level 5.1 Fighting
 + Level 5.5 Axes
 + Level 5.9 Armour
 + Level 2.1 Dodging
 + Level 0.3 Stealth
 + Level 5.4 Shields


You had 6 spell levels left.
You didn't know any spells.
Your spell library contained the following spells:

 Spells                   Type           Power      Damage    Failure   Level
 Portal Projectile        Hex/Tloc       0%         N/A       100%        3
 Petrify                  Tmut/Erth      0%         N/A       100%        4
 Blade Hands              Tmut           0%         N/A       100%        5
 Excruciating Wounds      Necr           0%         N/A       100%        5
 Metabolic Englaciation   Hex/Ice        0%         N/A       100%        5
 Statue Form              Tmut/Erth      0%         N/A       100%        6


Dungeon Overview and Level Annotations

Branches:
Dungeon (5/15)
 Temple: D:4-7

Altars:
Nemelex Xobeh


Innate Abilities, Weirdness & Mutations

You have a pair of horns on your head.
You reflexively headbutt those who attack you in melee.


Message History

Found a stone staircase leading up.
A bullfrog skeleton is nearby!
A bullfrog skeleton is nearby!
An ogre comes into view. It is wielding a +0 giant spiked club.
The ogre shouts!
You block the bullfrog skeleton's attack.
Found a scroll of immolation.
Found a stone staircase leading down.
You see here 13 gold pieces.
You slash the bullfrog skeleton!
The bullfrog skeleton is heavily damaged.
You block the bullfrog skeleton's attack.
The bullfrog skeleton hits you but does no damage.
You slash the bullfrog skeleton!
The bullfrog skeleton is almost destroyed.
You barely miss the ogre.
You block the bullfrog skeleton's attack.
The ogre hits you with a +0 giant spiked club!
The bullfrog skeleton hits you but does no damage.
You barely miss the bullfrog skeleton.
Your headbutt misses the bullfrog skeleton.
The bullfrog skeleton is almost destroyed.
You slash the ogre!
The bullfrog skeleton closely misses you.
The ogre hits you with a +0 giant spiked club!!
The bullfrog skeleton hits you.
You hit the ogre but do no damage.
The ogre is moderately wounded.
You slash the bullfrog skeleton!
You destroy the bullfrog skeleton!
You block the ogre's attack.
You feel your strength returning.
Unknown command.
You fade into invisibility!
The ogre hits you with a +0 giant spiked club!!
* * * LOW HITPOINT WARNING * * *
You are very lightly contaminated with residual magic.
Unknown command.
The ogre hits you with a +0 giant spiked club!!
You die...
Your body glows with a rainbow of weird colours and disappears.

#.#..<...........
.#.......####### .#..............
.##.......###### ...######.......
######## ##.#. #..#.... .......#
#####..#. #..#.###
###.##.#####.....##. #..#.#.#
#............O@# #..#.#.#
#..#.##........# ####..#.#.# .
#.†#.##........## ...........
.##..#.##.........# ####..#.###
..#.##.##...#.#...# #..#...'
..$.##.##...#.#...######### #####
8...##......#.#...........# ####
.....#.....##.#...#######.# #...
..##.#.....##.##......###.####...


You could see an ogre.

Vanquished Creatures
  A black bear (D:4)
  A sky beast (D:5)
  A scorpion (D:4)
  A gnoll shaman (D:4)
  A bullfrog skeleton (D:5)
  2 orc priests
  An orc wizard (D:3)
  4 gnolls (D:4)
  6 adders
  3 worms (D:2)
  3 dart slugs
  14 orcs
  4 endoplasms
  3 giant cockroaches
  8 goblins
  6 hobgoblins
  3 jackals (D:2)
  4 quokkas
  14 ball pythons
  5 bats
  4 frilled lizards
  4 kobolds
  9 rats
102 creatures vanquished.

Notes
Turn   | Place    | Note
-------+----------+-------------------------------------------
     0 | D:1      | mhtbhm the Minotaur Fighter began the quest for the Orb.
     0 | D:1      | Reached XP level 1. HP: 19/19 MP: 0/0
    32 | D:1      | Found a faded altar of an unknown god.
    52 | D:1      | Became a worshipper of Nemelex Xobeh the Trickster
    52 | D:1      | Reached * piety under Nemelex Xobeh
    52 | D:1      | Received a gift from Nemelex Xobeh
   360 | D:1      | Reached XP level 2. HP: 27/27 MP: 1/1
   856 | D:2      | Reached XP level 3. HP: 33/33 MP: 2/2
  1100 | D:2      | Reached ** piety under Nemelex Xobeh
  1430 | D:2      | Reached XP level 4. HP: 38/40 MP: 3/3
  1803 | D:3      | Reached XP level 5. HP: 4/47 MP: 4/4
  2261 | D:3      | Reached skill level 1 in Dodging
  3082 | D:4      | Noticed a black bear
  3084 | D:4      | Reached *** piety under Nemelex Xobeh
  3092 | D:4      | Killed a black bear
  3093 | D:4      | Reached skill level 5 in Armour
  3093 | D:4      | Reached skill level 5 in Shields
  3093 | D:4      | Reached XP level 6. HP: 31/53 MP: 5/5
  3222 | D:4      | Received a gift from Nemelex Xobeh
  3417 | D:4      | Identified the +2 whip of the Saving Vulture {pain, rElec
                  | rPois rC- Int+3 Dex+2}
  4055 | D:4      | Reached skill level 5 in Axes
  4293 | D:5      | Entered Level 5 of the Dungeon
  4317 | D:5      | Reached skill level 5 in Fighting
  4396 | D:5      | Noticed a sky beast
  4404 | D:5      | Killed a sky beast
  4405 | D:5      | Reached XP level 7. HP: 25/61 MP: 6/6
  4590 | D:5      | HP: 2/61 [ogre (18)]
  4609 | D:5      | Demolished by an ogre

Illustrated notes

Levels and vault maps discovered:
D:1:      ebering_trefoil_3fold, layout_loops_ring,
          hellmonk_ecumenical_altar_blasted
D:2:      minmay_recursive_quarters, layout_rooms, nrook_uturn,
          kennysheep_generic_room_4
D:3:      layout_loops_ring, serial_rivers, chequers_serial_rivers_large_a,
          chequers_serial_rivers_small_3, chequers_serial_rivers_large_b,
          chequers_serial_rivers_micro_d, chequers_serial_rivers_micro_b,
          chequers_serial_rivers_marsh, st_stairs_3, wad_floor_pattern_2,
          corexii_corridor_pit
D:4:      layout_basic, amcnicky_mini_corridor_feature, nicolae_zen_rock_garden,
          kennysheep_generic_room_11
D:5:      layout_basic, mainiacjoe_overflow_paths, grunt_ministairs_12,
          uniq_blork_the_orc, uniq_pikel, uniq_crazy_yiuf_cottage

Skill      XL: |  1  2  3  4  5  6 |
---------------+-------------------+-----
Fighting       | 4 5 |  5.1
Armour         | 4 5 |  5.9
Shields        | 4 5 |  5.4
Axes           | 3 4 5 |  5.5
Dodging        | 1 2 |  2.1
Stealth        | |  0.3

Action                   |  1- 3 |  4- 6 |  7- 9 || total
-------------------------+-------+-------+-------++-------
Melee: War axe           |    99 |   168 |     4 ||   271
       Headbutt          |    14 |    23 |       ||    37
  Use: Potion            |       |     5 |     1 ||     6
       Scroll            |       |     3 |       ||     3
Armor: Scale mail        |    51 |    70 |     2 ||   123
Dodge: Dodged            |    33 |    43 |     1 ||    77
Block: Kite shield       |    42 |    77 |     4 ||   123
